AoeStats
← Xipitus

Arabia

506162157Analyzed
1v1 RM · 20d ago on Sep 12, 2026· 40m 52s· 2 players
Game mode
Random Map
Map size
Tiny (2 player)
Population
200
Speed
Normal
Resources
Standard
Victory
Conquest
Starting age
Dark Age
Ending age
Imperial Age
RankedLock teamsTeams togetherTeam positionsShared explorationLock speedFull tech treeHidden civsTurbo modeCheats
Victory
Defeat
🇨🇱 Gurjaras · Chile
1488
+17
🇪🇸 Armenians · Spain
1508
-17
Criminalss
6:57 Loom
9:19 Feudal Age
11:03 Double-Bit Axe
16:20 Wheelbarrow
19:56 Castle Age
19:17 Wheelbarrow
20:55 Bow Saw
20:50 Horse Collar
21:53 Heavy Plow
25:51 Wheelbarrow
26:46 Gold Mining
28:03 Scale Mail Armor
32:47 Imperial Age
30:57 Gold Shaft Mining
30:41 Husbandry
30:51 Bloodlines
30:56 Stone Mining
31:25 Chain Mail Armor
31:22 Forging
32:10 Scale Barding Armor
33:54 Chain Barding Armor
34:12 Iron Casting
33:59 Conscription
33:39 Heavy Camel Rider
35:18 Plate Barding Armor
35:16 Plate Mail Armor
35:10 Hand Cart
35:23 Elite Chakram Thrower
36:59 Fletching
38:12 Chemistry
39:00 Frontier Guards
38:44 Town Watch
39:50 Light Cavalry
Xipitus
3:07 Loom
9:47 Feudal Age
10:44 Double-Bit Axe
12:00 Horse Collar
21:20 Castle Age
19:33 Stone Mining
19:31 Pikeman
20:13 Gold Mining
22:24 Bow Saw
23:20 Town Watch
27:40 Gold Shaft Mining
29:18 Wheelbarrow
32:32 Imperial Age
31:01 Ballistics
31:11 Fletching
31:22 Scale Mail Armor
31:27 Padded Archer Armor
31:38 Forging
31:51 Masonry
32:17 Halberdier
32:58 Squires
33:22 Bodkin Arrow
34:01 Gambesons
36:23 Chemistry
36:01 Chain Mail Armor
36:20 Bracer
35:51 Elite Composite Bowman
37:27 Plate Mail Armor
39:09 Conscription
38:14 Man-at-Arms
40:01 Hand Cart
40:26 Leather Archer Armor
Connection lost

Rejoining the realm…

Still unreachable

The connection could not be restored.

Session expired

The server has moved on; the page needs a fresh start.